 Dungeon Crawl Stone Soup version 0.24.0-13-gcf9b3192b9 (webtiles) character file.

Game seed: 1627111788674883080, levelgen mode: deterministic

33 Matador8 the Firebug (level 3, -3/26 HPs)
             Began as a Draconian Fire Elementalist on Nov 8, 2019.
             Slain by a hobgoblin
             ... wielding a +0 club
             ... led by Robin
              (8 damage)
             ... on level 1 of the Dungeon.
             The game lasted 00:04:36 (914 turns).

Matador8 the Firebug (Draconian Fire Elementalist)   Turns: 914, Time: 00:04:36

Health: -3/26      AC:  6    Str: 10    XL:     3   Next: 12%
Magic:  3/6        EV: 12    Int: 16    God:
Gold:   90         SH:  0    Dex: 11    Spells: 1/7 levels left

rFire    . . .     SeeInvis .   e - +0 dagger
rCold    . . .     Gourm    .   (no shield)
rNeg     . . .     Faith    .   (armour unavailable)
rPois    .         Spirit   .   (helmet restricted)
rElec    .         Reflect  .   i - +0 cloak
rCorr    .         Harm     .   (no gloves)
MR       .....                  (no boots)
Stlth    ++........             (no amulet)
HPRegen  0.08/turn              (no ring)
MPRegen  0.10/turn              (no ring)

@: no status effects
A: unfitting armour, cold-blooded, AC +5
a: no special abilities


You were on level 1 of the Dungeon.
You were not hungry.

You visited 1 branch of the dungeon, and saw 2 of its levels.

You collected 90 gold pieces.

Inventory:

Hand Weapons
 e - a +0 dagger (weapon)
Armour
 i - a +0 cloak (worn)
Scrolls
 a - a scroll of noise {unknown}
 c - 2 scrolls of identify {unknown}
 f - a scroll of immolation {unknown}
 h - a scroll of remove curse {unknown}
 j - a scroll of magic mapping {unknown}
Potions
 d - 4 potions of curing {unknown}
 g - a potion of heal wounds {unknown}
Comestibles
 b - 3 rations


   Skills:
 - Level 1.7 Dodging
 - Level 1.7 Stealth
 + Level 2.5 Spellcasting
 + Level 1.9 Conjurations
 + Level 3.4 Fire Magic


You had one spell level left.
You knew the following spells:

 Your Spells              Type           Power        Failure   Level  Hunger
a - Flame Tongue          Conj/Fire      ##...        6%          1    #......
b - Throw Flame           Conj/Fire      ##....       10%         2    ##.....
c - Conjure Flame         Conj/Fire      ##......     19%         3    ###....

Your spell library contained the following spells:

 Spells                   Type           Power        Failure   Level  Hunger
 Inner Flame              Hex/Fire       #.......     28%         3    ###....
 Sticky Flame             Conj/Fire      ##......     54%         4    #####..
 Fireball                 Conj/Fire      ##........   87%         5    ######.


Dungeon Overview and Level Annotations

Branches:
Dungeon (2/15)

Altars:

Annotations:
D:2 Robin


Innate Abilities, Weirdness & Mutations

Your plain brown scales are hard. (AC +5)
You cannot fit into any form of body armour.
You are cold-blooded and may be slowed by cold attacks.


Message History

Aim: a goblin, wielding a +0 club (severely wounded, unusually strong)
The flame tongue misses the goblin.
The hobgoblin barely misses you. The goblin hits you with a +0 club.
* * * LOW HITPOINT WARNING * * *
The hobgoblin misses you.
Casting: Flame Tongue (safe; 7% risk of failure)
Confirm with . or Enter, or press ? or * to list all spells.
Aiming: Flame Tongue (safe; 7% risk of failure)
Press: ? - help, Shift-Dir - straight line, f/p - goblin
Aim: a goblin, wielding a +0 club (severely wounded, unusually strong)
The flame tongue hits the goblin.
You kill the goblin!
The hobgoblin hits you but does no damage. x2
Things that are here:
a +0 club; a scroll labeled RUSASCHAZEAPS; a goblin corpse The hobgoblin barely misses you.
The hobgoblin no longer looks unusually strong.
The hobgoblin no longer looks unusually strong.
The hobgoblin hits you with a +0 club!
You die...

.†........†...#.#.##.#
..............#.#.##.#
.###..........#.#..#.#
.# #.#.####...#.##.#.#
## #.#....#.#.#.##.#.#
####.####.#.#.#.##.#.#
......)>#+#...#....#.#
....##.#...#########.#
###.##.#......gg@..#.#
..#.#.......#####..#.#
#.#.####....#......#.#
..#.........#...#....#
..#############.######
......#.........#
#######.#########
........# #########


You could see 2 hobgoblins.

Vanquished Creatures
  3 dart slugs (D:1)
  4 bats (D:1)
  A giant cockroach (D:1)
  6 goblins (D:1)
  3 hobgoblins (D:1)
  4 kobolds
  A frilled lizard (D:1)
  3 rats (D:1)
25 creatures vanquished.

Notes
Turn   | Place    | Note
-------+----------+-------------------------------------------
     0 | D:1      | Matador8 the Draconian Fire Elementalist began the quest
                  | for the Orb.
     0 | D:1      | Reached XP level 1. HP: 14/14 MP: 3/3
   173 | D:1      | Reached XP level 2. HP: 20/20 MP: 1/5
   715 | D:1      | Reached XP level 3. HP: 26/26 MP: 4/6
   719 | D:1      | Learned a level 2 spell: Throw Flame
   723 | D:1      | Learned a level 3 spell: Conjure Flame
   887 | D:2      | Noticed Robin
   914 | D:1      | Slain by a hobgoblin

Levels and vault maps discovered:
D:1:      minmay_arrival_loop, layout_basic
D:2:      layout_rooms, lemuel_doored_altar, first_ration, nrook_mini_backslash,
          uniq_robin

Action                   || total
-------------------------++-------
Melee: Dagger            ||     6
       Unarmed           ||     4
       Tailslap          ||     1
 Cast: Flame Tongue      ||    34
 Stab: Sleeping          ||     1
Armor: Skin              ||     4
Dodge: Dodged            ||    20
